 Dungeon Crawl Stone Soup version 0.26.1-11-gd32895ea62 (webtiles) character file.

Game seed: 3560021576918079885

168 Tirrikindir the Skirmisher (level 5, -1/36 HPs)
             Began as an Octopode Fighter on May 24, 2021.
             Was an Initiate of Gozag.
             Slain by an orc wizard
             ... wielding a +0 dagger
              (6 damage)
             ... on level 4 of the Dungeon.
             The game lasted 00:07:45 (3250 turns).

Tirrikindir the Skirmisher (Octopode Fighter)       Turns: 3250, Time: 00:07:47

Health: -1/36      AC:  1    Str: 16    XL:     5   Next: 48%
Magic:  5/5        EV: 12    Int: 10    God:    Gozag
Gold:   298        SH: 12    Dex: 12    Spells: 4/4 levels left

rFire    . . .     SeeInvis .   a - +1 long sword
rCold    . . .     Faith    .   b - +3 kite shield
rNeg     . . .     Spirit   .   (helmet restricted)
rPois    .         Reflect  .   (no amulet)
rElec    .         Harm     .   l - ring of willpower
rCorr    .         Rampage  .   (no ring)
Will     +....                  (no ring)
Stlth    +++.......             (no ring)
HPRegen  0.12/turn              (no ring)
MPRegen  0.09/turn              (no ring)
                                (no ring)
                                (no ring)

@: mighty, gold aura
A: almost no armour, stealthy swim, amphibious, 8 rings, constrict 8, camouflage
1, gelatinous body 1
a: Renounce Religion, Potion Petition, Call Merchant, Bribe Branch


You were on level 4 of the Dungeon.
You worshipped Gozag.
Gozag was aware of your devotion.
You visited 1 branch of the dungeon, and saw 4 of its levels.

You collected 335 gold pieces.
You paid 37 gold pieces to Gozag.

Inventory:

Hand Weapons
 a - a +1 long sword (weapon)
 g - a +0 short sword
Missiles
 q - 4 silver boomerangs (quivered)
Armour
 b - a +3 kite shield (worn)
Jewellery
 l - a ring of willpower (left tentacle)
Wands
 o - a wand of acid (7)
Scrolls
 k - 2 scrolls of remove curse
 r - a scroll of blinking
 s - a scroll of amnesia
Potions
 d - a potion of ambrosia
 e - a potion of degeneration {unknown}
 f - 3 potions of curing {unknown}
 h - a potion of mutation {unknown}
 i - a potion of haste {unknown}
 j - 2 potions of cancellation {unknown}
 m - a potion of invisibility {unknown}
 n - 2 potions of flight {unknown}


   Skills:
 + Level 3.6 Fighting
 * Level 3.5 Long Blades
 + Level 3.6 Dodging
 + Level 2.9 Stealth
 + Level 3.5 Shields
 + Level 0.1 Evocations


You had 4 spell levels left.
You didn't know any spells.
Your spell library was empty.

Dungeon Overview and Level Annotations

Branches:
Dungeon (4/15)
 Temple: D:4-7

Altars:
Fedhas
Gozag
Kikubaaqudgha
Makhleb

Annotations:
D:3 1 runed translucent door, Zeld's ghost, amateur OpBr


Innate Abilities, Weirdness & Mutations

You cannot wear most types of armour.
You are very stealthy in the water. (Stealth+)
You are amphibious.
You can wear up to eight rings at the same time.
You can use your tentacles to constrict eight enemies at once.
Your skin changes colour to match your surroundings (Stealth+).
Your rubbery body absorbs attacks. (AC +1, EV +1)


Message History

The orc wizard is lightly wounded.
You constrict the orc wizard.
The orc wizard casts a spell.
The orc wizard seems to speed up.
The orc wizard mumbles some strange words.
The orc wizard seems to speed up.
You feel very mighty all of a sudden.
You constrict the orc wizard, but do no damage.
The orc wizard hits you with a +0 dagger.
The orc priest begins to cast a cantrip, but forgets the words!
You block the orc wizard's attack.
You slash the orc wizard!
The orc wizard is severely wounded.
You constrict the orc wizard.
The orc wizard gestures at you while chanting.
The magic dart hits you.
* * * LOW HITPOINT WARNING * * *
The orc wizard hits you with a +0 dagger.
You die...
Your body crumbles into a pile of gold.

#<######.#
##.....#.# #.###.#.#
#.####.###.#.#
#........#.#.#
#......#.#.#.# .##
#.#...#.#.#.#
...#...#.#.#.#.####
#.#...#.#.#@#....#
#.<...$...#o#.##.#
#.......#.oo#.##.#
#h#.#.###.######.#
#.........# #.#
#...#.#.##########.#
... #.#.)..........#
.. # #.############
. ###


You could see an orc priest and 2 orc wizards.

Vanquished Creatures
  A hound skeleton (D:4)
  7 adders
  3 oozes
  A worm (D:2)
  4 dart slugs
  4 leopard geckos
  3 orcs
  A giant cockroach (D:1)
  7 goblins
  8 hobgoblins
  10 kobolds
  2 quokkas
  A ball python (D:2)
  2 bats
  5 frilled lizards
  10 rats
69 creatures vanquished.

Vanquished Creatures (others)
  2 plants (D:3)
2 creatures vanquished.

Grand Total: 71 creatures vanquished

Notes
Turn   | Place    | Note
-------+----------+-------------------------------------------
     0 | D:1      | Tirrikindir the Octopode Fighter began the quest for the
                  | Orb.
     0 | D:1      | Reached XP level 1. HP: 16/16 MP: 1/1
    89 | D:1      | Reached XP level 2. HP: 11/21 MP: 2/2
   409 | D:1      | Reached skill level 1 in Stealth
   628 | D:1      | Reached XP level 3. HP: 26/26 MP: 3/3
  1153 | D:2      | Found an ancient bone altar of Kikubaaqudgha.
  1635 | D:2      | Reached XP level 4. HP: 22/31 MP: 4/4
  1732 | D:2      | You fall into a shaft and drop 1 floor!
  1732 | D:3      | Found a runed translucent door.
  1791 | D:2      | Found an opulent altar of Gozag.
  1791 | D:2      | Found a burning altar of Makhleb.
  1797 | D:2      | Became a worshipper of Gozag Ym Sagoz the Greedy
  2422 | D:3      | Reached XP level 5. HP: 36/36 MP: 5/5
  2438 | D:3      | Noticed Zeld's ghost (amateur OpBr)
  2498 | D:3      | Found a blossoming altar of Fedhas.
  3250 | D:4      | Slain by an orc wizard

Illustrated notes

Levels and vault maps discovered:
D:1:      minmay_arrival_stone_box, layout_loops_corners
D:2:      layout_loops_ring, chequers_temple_overflow_statue_of_worship,
          kiku_gazebo_pond_becter, grunt_decor_junction
D:3:      layout_rooms, ebering_ghost_sewer_d, fedhas_ov_isle_minmay
D:4:      layout_basic, old_standard_altar

Skill      XL: |  1  2  3  4 |
---------------+-------------+-----
Stealth        | 1 2 |  2.9
Long Blades    | 3 |  3.5
Fighting       | |  3.6
Dodging        | |  3.6
Shields        | |  3.5
Evocations     | |  0.1

Action                   |  1- 3 |  4- 6 || total
-------------------------+-------+-------++-------
Melee: Long sword        |    56 |    69 ||   125
       Constrict         |    14 |    23 ||    37
       Tentacles         |    10 |    17 ||    27
  Use: Scroll            |     3 |     7 ||    10
       Potion            |       |     1 ||     1
 Stab: Sleeping          |     7 |    11 ||    18
Armor: Skin              |     1 |     3 ||     4
Dodge: Dodged            |    25 |    31 ||    56
Block: Kite shield       |    12 |    22 ||    34
       Rpst.: Long sword |     4 |    11 ||    15
